 Dungeon Sprint DCSS version 0.30-a0-50-gb2d611f6b1 (webtiles) character file.

Game seed: 11740064901742556673

14 MrFrogsmire the Fighter (level 6, -3/46 HPs)
             Began as a Gargoyle Berserker on Sept 4, 2022.
             Was a Priest of Trog.
             Killed from afar by a white imp (5 damage)
             ... with a puff of frost
             ... in the Dungeon (Sprint VI: "Thunderdome").
             The game lasted 00:03:23 (282 turns).

MrFrogsmire the Fighter (Gargoyle Berserker)         Turns: 282, Time: 00:03:24

Health: -3/46      AC: 13    Str: 22    XL:     6   Next: 27%
Magic:  6/6        EV:  9    Int:  8    God:    Trog [***...]
Gold:   220        SH:  0    Dex:  9    Spells: 5/5 levels left

rFire   . . .      SeeInvis .    i - +1 dagger (vamp)
rCold   . . .      Faith    .    (no shield)
rNeg    + . .      Spirit   .    m - +0 chain mail
rPois   ∞          Reflect  .    (no helmet)
rElec   +          Harm     .    (no cloak)
rCorr   .          Rampage  .    (no gloves)
Will    .....      NoTele   +    (no boots)
Stlth   ..........               (no amulet)
HPRegen 0.15/turn                (no ring)
MPRegen 0.10/turn                (no ring)

@: no status effects
A: sickness immunity, AC +4, negative energy resistance 1, electricity
resistance, torment resistance 1, petrification resistance
a: Renounce Religion, Berserk, Trog's Hand


You were in the Dungeon.
You worshipped Trog.
Trog was most pleased with you.
You visited 1 branch You collected 220 gold pieces.

Inventory:

Hand Weapons
 a - a +0 mace
 i - a +1 vampiric dagger (weapon)
Armour
 b - a +0 animal skin
 m - a +0 chain mail (worn)
Wands
 j - a wand of iceblast (5) (quivered)
Scrolls
 h - 4 scrolls of blinking
 k - 3 scrolls of butterflies
Potions
 c - a potion of curing
 d - 4 potions of heal wounds
 e - 4 potions of haste
 f - 2 potions of magic
 g - a potion of berserk rage
 l - a potion of resistance


   Skills:
 + Level 9.2 Fighting
 + Level 7.9 Maces & Flails
 + Level 4.3 Armour
 + Level 3.9 Dodging
 + Level 3.1 Evocations


You had 5 spell levels left.
You didn't know any spells.
Your spell library was empty.

Dungeon Overview and Level Annotations

Branches:
Dungeon (1/1)

Altars:
Cheibriados
Dithmenos
Fedhas
Gozag
Kikubaaqudgha
Makhleb
Okawaru
Qazlal
Ru
Sif Muna
Trog
Uskayaw
Vehumet
Wu Jian
Xom
Yredelemnul
Zin
The Shining One
Lugonu

Shops:
D *[??*?*:[((!!!!


Innate Abilities, Weirdness & Mutations

You are immune to sickness and miasma.
Your stone body is resilient. (AC +4)
You are immune to poison.
You resist negative energy. (rN+)
You are resistant to electric shocks. (rElec)
You are resistant to unholy torment.
You are immune to petrification.


Message History

The white imp closely misses you.
You hit the white imp but do no damage.
The white imp is moderately wounded.
The white imp hits you but does no damage.
You closely miss the white imp.
The white imp is moderately wounded.
The white imp gestures at you. The puff of frost misses you.
You completely miss the white imp.
The white imp is moderately wounded.
The white imp gestures at you.
The puff of frost hits you but does no damage.
You hit the white imp.
The white imp is severely wounded.
The white imp barely misses you.
You hit the white imp.
The white imp is almost dead.
The white imp gestures at you. The puff of frost hits you!
* * * LOW HITPOINT WARNING * * *
You hit the white imp but do no damage.
The white imp is almost dead.
An ufetubus comes into view.
The white imp closely misses you.
The ufetubus shouts!
You hit the white imp but do no damage.
The white imp is almost dead.
The white imp shouts, "Decamp, thou venomed doghearted boar-pig!"
The white imp hits you.
* * * LOW HITPOINT WARNING * * *
The white imp freezes you.
* * * LOW HITPOINT WARNING * * *
You closely miss the white imp.
The white imp is severely wounded.
The white imp completely misses you.
You closely miss the white imp.
The white imp is severely wounded.
The white imp gestures at you. The puff of frost hits you.
You die...

#_......._# #_......)_#
###.........###
#⌠...........⌠#
######.8†(.......8.#####
##..__).....###.......__∩
###∩.......58.# #.8........
##.............###..........
#⌠.........@###...###.......
#⌠.........5# #.<.# #.......
#⌠..........###...###.......
##.............###..........
###∩........8.# #.8.5......
##∩___.....5###......___∩
######.8.........8.#####
#⌠...........⌠#
###.........###


You could see a white imp and an ufetubus.

Vanquished Creatures
  Eustachio (D)
  A kobold brigand (D)
  A quasit (D)
  Ijyb (D)
  A white imp (D)
  2 goblins (D)
  A hobgoblin (D)
  A kobold (D)
9 creatures vanquished.

Notes
Turn   | Place    | Note
-------+----------+-------------------------------------------
     0 | D        | MrFrogsmire the Gargoyle Berserker began the quest for the
                  | Orb.
     0 | D        | Reached XP level 1. HP: 14/14 MP: 1/1
     1 | D        | Found a burning altar of Makhleb.
     1 | D        | Found a radiant altar of Vehumet.
     2 | D        | Found a shimmering altar of Xom.
     3 | D        | Found a sacrificial altar of Ru.
     3 | D        | Found a shadowy altar of Dithmenos.
     4 | D        | Found Gumm's Do-It-Yourself Clinic.
     4 | D        | Found a snail-covered altar of Cheibriados.
     4 | D        | Found Kiogg's Distillery.
     5 | D        | Found Zer Evep's Weapon Rack.
     5 | D        | Round 1.
     6 | D        | Found Omper's Bottled Wisdom.
     6 | D        | Found Susuet's Distillery.
    10 | D        | Found a stormy altar of Qazlal.
    20 | D        | Noticed Ijyb
    24 | D        | Killed Ijyb
    25 | D        | Reached skill level 5 in Fighting
    25 | D        | Reached XP level 2. HP: 21/21 MP: 2/2
    25 | D        | Reached XP level 3. HP: 26/26 MP: 3/3
    25 | D        | Found a corrupted altar of Lugonu.
    25 | D        | Found an opulent altar of Gozag.
    25 | D        | Found Yggukhle's Staff Store.
    25 | D        | Found Faehen's Must-Have Magic.
    26 | D        | Found Xocus's Magic Scroll Shop.
    27 | D        | Found a shimmering blue altar of Sif Muna.
    27 | D        | Found an ancient bone altar of Kikubaaqudgha.
    27 | D        | Found a glowing silver altar of Zin.
    27 | D        | Found Peuff's Magic Scroll Shop.
    51 | D        | Found a hide-covered altar of Uskayaw.
    53 | D        | Found an ornate altar of the Wu Jian Council.
    55 | D        | Found Dunk's Jewellery.
    55 | D        | Found Qaturaumn's Advanced Armour.
    56 | D        | Found a basalt altar of Yredelemnul.
    56 | D        | Found a blossoming altar of Fedhas.
    56 | D        | Found an iron altar of Okawaru.
    56 | D        | Found Olosomp's Identification Station.
    60 | D        | Found a bloodstained altar of Trog.
    66 | D        | Found a glowing golden altar of the Shining One.
    68 | D        | Found Teppod's Premium Goods.
    69 | D        | Found Luli's Miscellaneous Merchandise.
    69 | D        | Found Hafy's Basic Armour.
    95 | D        | Reached ** piety under Trog
   140 | D        | Noticed a kobold brigand
   145 | D        | Killed a kobold brigand
   145 | D        | Arena points: 14 (+14) [x2]
   146 | D        | Reached skill level 6 in Fighting
   146 | D        | Reached skill level 1 in Evocations
   146 | D        | Reached XP level 4. HP: 32/32 MP: 4/4
   194 | D        | Round 2.
   200 | D        | Noticed Eustachio
   202 | D        | Reached *** piety under Trog
   203 | D        | Reached skill level 7 in Fighting
   203 | D        | Reached XP level 5. HP: 38/38 MP: 5/5
   210 | D        | Killed Eustachio
   211 | D        | Reached skill level 9 in Fighting
   211 | D        | Reached XP level 6. HP: 46/46 MP: 6/6
   280 | D        | HP: 2/46 [white imp (3)]
   282 | D        | Killed from afar by a white imp

Illustrated notes

Levels and vault maps discovered:
D:        arena_sprint

Skill      XL: |  1  2  3  4  5 |
---------------+----------------+-----
Fighting       | 5 6 7 9 |  9.2
Maces & Flails | 4 6 7 |  7.9
Dodging        | 2 3 |  3.9
Armour         | 3 4 |  4.3
Evocations     | 1 3 |  3.1

Action                   |  1- 3 |  4- 6 || total
-------------------------+-------+-------++-------
Melee: Mace              |     9 |       ||     9
       Dagger            |       |    52 ||    52
Evoke: Wand              |     6 |     8 ||    14
Armor: Chain mail        |     2 |    17 ||    19
Dodge: Dodged            |     4 |    24 ||    28

Table legend: (Time is in decaauts)
 A = Elapsed time spent in this place.
 B = Non-inter-level travel time spent in this place.
 C = Inter-level travel time spent in this place.
 D = Time resting spent in this place.
 E = Time spent auto-exploring this place.
 F = Levels seen in this place.
 G = Mean time per level.
                   A        B        C        D        E       F      G
               +--------+--------+--------+--------+--------+-----+--------+
         Total |    283 |    125 |    158 |      0 |      0 |   1 |  283.0 |
       Dungeon |    283 |    125 |    158 |      0 |      0 |   1 |  283.0 |
               +--------+--------+--------+--------+--------+-----+--------+

Top non-repeatable levels by time:
       D: 283 daAuts
